Map: Apotheosis LE

Players

Akirit

  • Race: Terran Terran

Gracz - Winner!

  • Race: Protoss Protoss
  • League: Silver

VOD

Have the link to the VOD?

Description

Time

  • Played on: Sept. 19, 2016, 10:06 a.m.
  • Length: 4:48
Show
View Real Time Build Order
Export as new Build Order

Akirit Terran 

Build Orders:  

Get SALT Encoding   

  12  0:05  SCV  
  13  0:17  SCV  
  14  0:28  Supply Depot  
  14  0:29  SCV  
  15  0:35  Refinery  
  15  0:50  SCV  
  15  0:56  Barracks  
  16  1:02  SCV  
  17  1:14  SCV  
  17  1:15  Refinery  
  18  1:26  SCV  
  19  1:38  Engineering Bay  
  19  1:40  SCV  
  19  1:43  Supply Depot  
  20  1:52  SCV  
  21  2:02  Marine  
  21  2:04  SCV  
  23  2:20  Factory, Reaper  
  24  2:30  Factory  
  24  2:45  SCV  
  25  2:52  Marine  
  25  2:57  SCV  
  27  3:09  Marine, Factory Tech Lab  
  25  3:27  Marine  
  25  3:28  Widow Mine  
  31  3:34  Cyclone  
  25  4:25  Marine  
  19  4:33  SCV  
Show
View Real Time Build Order
Export as new Build Order

Gracz Protoss - Winner!

Build Orders:  

Get SALT Encoding   

  12  0:03  Probe (Chrono Boost)  
  13  0:18  Pylon  
  13  0:19  Probe (Chrono Boost)  
  14  0:29  Probe (Chrono Boost)  
  15  0:40  Probe (Chrono Boost)  
  16  0:49  Gateway  
  16  0:50  Probe (Chrono Boost)  
  16  0:52  Assimilator  
  17  1:01  Probe (Chrono Boost)  
  17  1:02  Pylon  
  18  1:11  Probe (Chrono Boost)  
  19  1:22  Gateway  
  19  1:27  Gateway  
  19  1:36  Gateway  
  19  1:50  Cybernetics Core  
  19  1:54  Probe (Chrono Boost)  
  20  2:02  Pylon  
  20  2:27  Zealot  
  20  2:28  Stalker x2  
  27  2:38  Probe (Chrono Boost)  
  27  2:51  Zealot  
  31  2:58  Stalker, Zealot  
  33  3:25  Stalker  
  35  3:29  Stalker  
Tags
 
Add a new tag
Caveats
  • Supply blocks, unpowered buildings, or Contaminate may cause inaccurate times.
  • Supply counts are checked every 10 seconds.